 BcadrenCrawl: Boulder Brew version 0.06-240-gf756cca71e (webtiles) character file.

Game seed: 12837123645958204739, levelgen mode: deterministic

3783 gruber the Cruncher (level 9, -34/70 HPs) Minotaur Berserker. Began on Aug 14, 2022. Was a High Priest of Trog. Annihilated by a two-headed ogre ... wielding a cursed +4 giant spiked club {(Curse: Fragile)} (35 damage) ... on level 5 of the Dungeon. The game lasted 00:11:20 (4921 turns).

gruber the Cruncher (Minotaur Berserker)            Turns: 4921, Time: 00:11:21

Health: -34/70     AC: 14    Str: 22    XL:     9 ^: 123
Magic:  0/8        EV: 15    Int:  4    God:    Trog [5* [130]]
Gold:   324        SH:  7    Dex: 13    Spells: 8/8 levels left

rFire    . . .     Slash    .   r - +9 eveningstar of Puixam {freeze, rN+}
rCold    . . .     Pierce   .   n - +0 nunchaku (protect)
rNeg     + . .     Bludgeon .   s - +0 chain mail
rCorr    . . .     Vision   .   (helmet restricted)
rPois    .         Gourm    .   (no cloak)
rElec    .         Faith    .   (no gloves)
MR       .....     Spirit   +   m - +0 pair of boots
HPRegen  0.33/turn Reflect  .   A - amulet of guardian spirit
MPRegen  0.18/turn Harm     .   k - ring of slaying Stlth ..........Rnd*Rage +
                                o - ring of evasion

@: no status effects
A: horns, retaliatory headbutt 2, soft flesh
a: Berserk, Trog's Hand, Brothers in Arms, Renounce Religion


You were on level 5 of the Dungeon.
You worshipped Trog.
Trog was extremely pleased with you.
You were not hungry.

You visited 1 branch of the dungeon, and saw 5 of its levels.

You collected 324 gold pieces.

Inventory:

Weapons
 r - the +9 eveningstar of Puixam (weapon) {freeze, rN+}
   (You acquired it on level 2 of the Dungeon)

   It has been specially enchanted to freeze those struck by it, causing extra
   injury to most foes and up to half again as much damage against particularly
   susceptible opponents.
   It can also slow down cold-blooded creatures.
   It protects you from negative energy.
   Shields
 n - a +0 nunchaku of protection (weapon)
Armour
 b - a +0 animal skin
 m - a +0 pair of boots (worn)
 s - a +0 chain mail (worn)
Jewellery
 a - an uncursed ring of poison resistance
 j - an uncursed ring of intelligence
 k - a ring of slaying (left hand)
 o - a ring of evasion (right hand)
 w - an uncursed ring of ice
 y - an uncursed ring of protection
 A - an amulet of guardian spirit (around neck)
Wands
 v - a wand of flame (15)
 x - a wand of disintegration (2)
Scrolls
 d - a scroll of enchantment
 f - a scroll of bless item
 g - 7 scrolls of teleportation
 u - a scroll of holy word
Potions
 e - 3 potions of heal wounds
 h - a potion of invisibility
 i - 4 potions of curing
 l - 2 potions of magic
 p - a potion of cure mutation
 q - a potion of resistance
 t - a potion of berserk rage
Comestibles
 c - 14 rations


   Skills:
 - Level 3.6 Fighting
 - Level 11.2(13.1) Whips & Flails
 - Level 11.4(13.1) Maces & Staves
 * Level 6.7 Armour
 - Level 2.1 Dodging


You had 8 spell levels left.
You didn't know any spells.
Your spell library was empty.

Dungeon Overview and Level Annotations

Branches:
Dungeon (5/8)              Temple (0/1) D:4
   Lair: D:5

Altars:
Gozag Ym Sagoz
Makhleb
Qazlal
Trog
Vehumet

Shops:
D:2 [


Innate Abilities, Weirdness & Mutations

You reflexively attack those that strike you in melee with your horns.
((Your soft flesh is weak to deep cuts.
Heavy manmade armour will nullify this weakness. (rSlashing-)))
You frequently lose your temper in combat.
This godly rage surpasses even clarity. (*Rage)


Message History

You see here a +0 spear.
You now have 324 gold pieces (gained 12).
You see here a +0 spear.
You open the large door.
A two-headed ogre and a skeleton come into view.
Found a cursed +0 long sword {(Curse: *Drain)}.
An orc wizard comes into view.
There is a large open door here.
You thump the two-headed ogre (9)! You freeze the two-headed ogre (3).
You sock the two-headed ogre (7)!
The two-headed ogre is moderately wounded. (46/65) HP You block the two-headed ogre's attack. x2
The orc wizard casts a spell.
The orc wizard seems to speed up.
The two-headed ogre hits you with a cursed +4 giant spiked club {(Curse: Fragile)} (75)!!!!
Critical Hit!
Ouch! That really hurt!
* * * LOW HITPOINT WARNING * * *
The two-headed ogre hits you with a +0 giant club (35)!!
Ouch! That really hurt!
You die...

###....##
##..##
.##...###..##
## ##......##
#......##
#.#.....##
#......<.#
##....##....
###).# ####
#'@#
.o......O.#
..........#
###.#.##.Z#
##)# ..# ..
..# ... ..#
### ###


You could see a two-headed ogre, an orc wizard and a leopard gecko skeleton.

Vanquished Creatures
  A bone scorpion (D:4)
  3 orc warriors
  A phantom (D:3)
  A water moccasin (D:2)
  A black bear (D:4)
  3 sky beasts (D:4)
  3 ogres
  A crocodile (D:2)
  A rock worm zombie (D:4)
  6 big kobolds
  8 jellies (D:2)
  2 meliai zombies (D:4)
  A centaur (D:4)
  A hornet zombie (D:4)
  A llaibwca (D:3)
  An orc priest (D:5)
  4 hounds
  A merfolk avatar (D:2)
  An iguana (D:3)
  4 orc wizards
  A worker ant (D:3)
  A wyvern zombie (D:4)
  A water moccasin zombie (D:4)
  A wyvern skeleton (D:4)
  9 giant cockroaches
  A haearbwca (D:4)
  A boggart skeleton (D:4)
  5 gnolls (D:3)
  14 adders
  A gwybwca (D:3)
  40 sewer rats (D:2)
  9 cinder newts
  A worm (D:2)
  6 bullfrogs (D:4)
  4 oozes (D:2)
  2 hound zombies (D:5)
  2 hound skeletons (D:3)
  A dart slug (D:3)
  6 leopard geckos
  16 orcs
  2 adder skeletons (D:2)
  6 jackals
  5 quokkas (D:4)
  A ball python (D:2)
  4 bats
  3 goblins (D:1)
  A goblin skeleton (D:2)
  12 kobolds
  A kobold skeleton (D:2)
  An orc skeleton (D:2)
  A rat (D:1)
  A giant blowfly (D:2)
  10 withered plants (D:2)
215 creatures vanquished.

Vanquished Creatures (collateral kills)
  An ogre (D:4)
  3 howler monkeys (D:4)
  A quasit (D:4)
  A cysgobwca (D:4)
6 creatures vanquished.

Vanquished Creatures (others)
  A cinder newt skeleton (D:2)
  A ball python (D:2)
  A kobold (D:2)
  2 fungi (D:5)
  15 plants (D:5)
  A slimehead (D:2)
  95 withered plants (D:2)
116 creatures vanquished.

Grand Total: 337 creatures vanquished

Notes
Turn   | Place    | Note
-------+----------+-------------------------------------------
     0 | D:1      | gruber the Minotaur Berserker began the quest for the Orb.
     0 | D:1      | Reached XP level 1. HP: 19/19 MP: 0/0
    21 | D:1      | Reached XP level 2. HP: 26/26 MP: 1/1
    86 | D:1      | Reached skill level 5 in Whips & Flails
    86 | D:1      | Reached XP level 3. HP: 20/31 MP: 2/2
   279 | D:1      | Received a gift from Trog
   396 | D:1      | your +0 nunchaku of protection protects you from harm!
   807 | D:2      | Noticed a big kobold
   807 | D:2      | Noticed a big kobold
   809 | D:2      | Reached XP level 4. HP: 39/39 MP: 3/3
   813 | D:2      | Reached ** piety under Trog
   817 | D:2      | Reached XP level 5. HP: 27/45 MP: 4/4
   822 | D:2      | Reached XP level 6. HP: 32/51 MP: 5/5
  1059 | D:2      | Reached XP level 7. HP: 46/57 MP: 6/6
  1087 | D:2      | Reached skill level 10 in Whips & Flails
  1293 | D:2      | Found Diakal's Antique Armour Boutique.
  1342 | D:2      | Found a burning altar of Makhleb.
  1422 | D:2      | Identified a scroll of acquirement
  1422 | D:2      | Reached *** piety under Trog
  1448 | D:2      | Identified the amulet of Zaejuof {Spirit MR+ Str+3 Int+2
                  | Dex-3} (You acquired it on level 2 of the Dungeon)
  1448 | D:2      | Identified the +9 eveningstar of Puixam {freeze, rN+} (You
                  | acquired it on level 2 of the Dungeon)
  1488 | D:2      | Found an opulent altar of Gozag.
  1493 | D:2      | Found a radiant altar of Vehumet.
  1493 | D:2      | Found a stormy altar of Qazlal.
  1542 | D:2      | Received a gift from Trog
  1608 | D:2      | Reached skill level 1 in Maces & Staves
  1622 | D:2      | Reached XP level 8. HP: 52/64 MP: 7/7
  2138 | D:2      | Reached skill level 5 in Maces & Staves
  2158 | D:2      | Reached **** piety under Trog
  2781 | D:3      | Received a gift from Trog
  3263 | D:3      | Reached XP level 9. HP: 70/70 MP: 8/8
  3689 | D:4      | Found a staircase to the Ecumenical Temple.
  3715 | D:4      | Reached skill level 10 in Maces & Staves
  3831 | D:4      | Found a bloodstained altar of Trog.
  4353 | D:4      | Received a gift from Trog
  4550 | D:4      | Reached skill level 5 in Armour
  4647 | D:4      | Reached ***** piety under Trog
  4828 | D:5      | Entered Level 5 of the Dungeon
  4919 | D:5      | Noticed a two-headed ogre
  4921 | D:5      | HP: 1/70 [two-headed ogre/cursed +4 giant spiked club
                  | {(Curse: Fragile)} (67)]
  4921 | D:5      | Annihilated by a two-headed ogre

Levels and vault maps discovered:
D:1:      wander_arrival_desolate, layout_loops_ring,
          ebering_dispersal_statue_hall, minivault_23
D:2:      layout_sewer, kennysheep_mini, minitemple, st_mermaid_room,
          first_ration, serial_shops, kennysheep_little_box
D:3:      layout_layer_cave, amethyst_killhole, minivault_25,
          blue_anna_alchemist [blue_anna_fruit_fields, blue_anna_fruit_fields],
          cheibrodos_gnoll_hut
D:4:      layout_long_grid, lemuel_doored_altar, minmay_temple_entry_junction
D:5:      layout_layer_cave, elyvilon_altar_1, lemuel_round_altar,
          due_lair_maze_entry_diamond, serial_shops, nicolae_shop_behind_doors,
          hangedman_corner_corridor, uniq_prince_ribbit1, uniq_maurice

Skill      XL: |  1  2  3  4  5  6  7  8  9 |
---------------+----------------------------+-----
Whips & Flails | 4 5 6 8 9 11 | 11.2
Maces & Staves | 1 8 11 | 11.4
Armour         | 6 |  6.7
Fighting       | |  3.6
Dodging        | |  2.1

Action                   |  1- 3 |  4- 6 |  7- 9 || total
-------------------------+-------+-------+-------++-------
Melee: Whip              |    21 |       |       ||    21
       Unarmed           |    19 |       |       ||    19
       Headbutt          |     5 |     6 |    35 ||    46
       Flail             |    11 |    35 |    38 ||    84
       Nunchaku          |     3 |    25 |   126 ||   154
       Eveningstar       |       |       |   203 ||   203
Invok: Berserk           |     2 |       |     4 ||     6
       Brothers in Arms  |       |       |     1 ||     1
  Use: Scroll            |       |       |     1 ||     1
 Stab: Sleeping          |       |       |     1 ||     1
  Eat: Ration            |       |     1 |       ||     1
       Chunk             |       |       |    15 ||    15
Armor: Animal skin       |     2 |     6 |    44 ||    52
       Chain mail        |       |       |    19 ||    19
Dodge: Dodged            |     7 |     9 |    68 ||    84
Block: Nunchaku          |     1 |     2 |    61 ||    64
